 Dungeon Crawl Stone Soup version 0.19.3-1-g3169bf9 (webtiles) character file.

7380 Alarkh the Martial Artist (level 11, -3/74 HPs)
             Began as an Octopode Transmuter on Jan 25, 2017.
             Was a High Priest of Okawaru.
             Slain by a troll (14 damage)
             ... on level 9 of the Dungeon.
             The game lasted 00:16:51 (8884 turns).

Alarkh the Martial Artist (Octopode Transmuter)     Turns: 8884, Time: 00:16:52

Health: -3/74      AC:  3    Str:  9    XL:     11   Next: 14%
Magic:  15/16      EV: 17    Int: 19    God:    Okawaru [*****.]
Gold:   421        SH:  7    Dex: 15    Spells: 4 memorised, 10 levels left

rFire  + . .     SeeInvis .       - Unarmed
rCold  x . .     Gourm    .     p - +2 buckler "Faruun" {rN+ Dex+2}
rNeg   + . .     Faith    .     (helmet restricted)
rPois  .         Spirit   .     r - amulet of regeneration
rElec  .         Reflect  .     E - ring of fire
rCorr  .         Harm     .     (no ring)
MR     .....                    (no ring)
Stlth  +++++.....               (no ring)
                                (no ring)
                                (no ring)
                                (no ring)
                                (no ring)

@: appendage
A: almost no armour, stealthy swim, amphibious, 8 rings, constrict 8, tentacle
spike 3, yellow scales 1, camouflage 1, gelatinous body 1, evolution 1
a: End Transformation, Heroism, Finesse, Renounce Religion


You were on level 9 of the Dungeon.
You worshipped Okawaru.
Okawaru was extremely pleased with you.
You were not hungry.
One of your tentacles had a temporary spike.
You visited 2 branches of the dungeon, and saw 10 of its levels.

You collected 460 gold pieces.
You spent 39 gold pieces at shops.

Inventory:

Missiles
 a - 98 arrows
Armour
 p - the +2 buckler "Faruun" (worn) {rN+ Dex+2}
   (You found it on level 5 of the Dungeon)

   It affects your dexterity (+2).
   It protects you from negative energy.
 M - the +2 buckler of Anarchy {rElec Int+3 Stlth-}
   (Okawaru gifted it to you on level 9 of the Dungeon)

   It affects your intelligence (+3).
   It insulates you from electricity.
   It makes you less stealthy.
Jewellery
 r - an amulet of regeneration (around mantle)
 C - an uncursed amulet of the gourmand
 E - a ring of fire (left tentacle)
Wands
 t - a wand of iceblast (7/15)
 F - a wand of digging (11/24)
Scrolls
 d - 4 scrolls of teleportation
 e - a scroll of identify
 g - 3 scrolls of enchant weapon
 h - 2 scrolls of remove curse
 i - a scroll of noise
 m - 2 scrolls of fog
 o - 2 scrolls of recharging
 s - 2 scrolls of amnesia
 u - a scroll of random uselessness
 w - a scroll of immolation {unknown}
 x - a scroll of magic mapping {unknown}
 y - 2 scrolls of enchant armour
 A - a scroll of blinking
 J - a scroll of fear {unknown}
 O - a scroll of holy word {unknown}
Potions
 f - a potion of might
 k - a potion of cancellation
 q - a potion of brilliance
 v - a potion of ambrosia
 z - 3 potions of mutation
 G - a potion of curing
 I - a potion of agility
 K - a potion of flight
 L - a potion of heal wounds
Books
 b - a book of Changes

   Spells                             Type                      Level
   a - Beastly Appendage              Transmutation                1
   b - Sticks to Snakes               Transmutation                2
   c - Spider Form                    Transmutation/Poison         3
   d - Ice Form                       Ice/Transmutation            4
   e - Blade Hands                    Transmutation                5
 B - a book of Cantrips

   Spells                             Type                      Level
   a - Confusing Touch                Hexes                        1
   b - Animate Skeleton               Necromancy                   1
   c - Summon Small Mammal            Summoning                    1
   d - Apportation                    Translocation                1
 H - a book of Air

   Spells                             Type                      Level
   a - Shock                          Conjuration/Air              1
   b - Swiftness                      Charms/Air                   2
   c - Repel Missiles                 Charms/Air                   2
   d - Static Discharge               Conjuration/Air              3
   e - Lightning Bolt                 Conjuration/Air              5
Comestibles
 c - 8 bread rations
 j - 4 fruits
 l - 6 meat rations
 n - 2 slices of pizza
 D - a beef jerky
 N - 2 chunks of flesh


   Skills:
 + Level 6.4 Fighting
 + Level 6.6 Dodging
 - Level 7.0 Stealth
 + Level 5.8 Shields
 * Level 9.9 Unarmed Combat
 + Level 3.5 Spellcasting
 + Level 3.2 Hexes
 + Level 4.2 Transmutations
 + Level 4.1 Invocations


You had 10 spell levels left.
You knew the following spells:

 Your Spells              Type           Power        Failure   Level  Hunger
a - Beastly Appendage     Tmut           ###...       2%          1    None
b - Sticks to Snakes      Tmut           ###.....     4%          2    ##.....
c - Spider Form           Tmut/Pois      ##........   21%         3    ###....
d - Confusing Touch       Hex            ###...       4%          1    None


Dungeon Overview and Level Annotations

Branches:
Dungeon (9/15)             Temple (1/1) D:4            Lair (0/6) D:9
    Orc: D:9-12

Altars:
Ashenzari
Cheibriados
Dithmenos
Elyvilon
Fedhas
Gozag
Hepliaklqana
Kikubaaqudgha
Makhleb
Nemelex Xobeh
Okawaru
Qazlal
Ru
Sif Muna
Trog
Uskayaw
Vehumet
Xom
Yredelemnul
Zin
The Shining One

Shops:
D:7 !


Innate Abilities, Weirdness & Mutations

You cannot wear most types of armour.
You are very stealthy in the water. (Stealth+)
You are amphibious.
You can wear up to eight rings at the same time.
You can use your tentacles to constrict eight enemies at once.
Your skin changes colour to match your surroundings (Stealth+).
Your rubbery body absorbs attacks. (AC +1, EV +1)
One of your tentacles bears a large vicious spike.
You are partially covered in yellow scales. (AC +2)
You evolve.


Message History

You bludgeon the troll!
The troll is lightly wounded.
The troll bites you. The troll misses you. x2
Casting: Beastly Appendage
Confirm with . or Enter, or press ? or * to list all spells.
One of your tentacles grows a vicious spike.
The troll closely misses you. The troll claws you!
You block the troll's attack.
Unknown command.
You barely miss the troll.
Your tentacle spike misses the troll.
You squeeze the troll!
The troll is moderately wounded.
The troll misses you. The troll claws you! The troll completely misses you.
You closely miss the troll.
You pierce the troll, but do no damage.
You squeeze the troll, but do no damage.
The troll is moderately wounded.
The troll bites you!
* * * LOW HITPOINT WARNING * * *
The troll completely misses you. The troll claws you!
You die...

#....#............#OJ....##..).
+.................'..J...).....
###...####..........#....###.....
....#.# #..........##...###.....
##.##.####..........#....'.......
#.##.............###....###.#...
#.....##########.# #............
#.....+........#T# #............
##....######..)@.# #............
#....######.....# #............
#........##.....# #............
####..[..##.....###............
####..............#............
#.................#............
#.................#............
###.................#............
#.'.................#...........#


You could see a troll.

Vanquished Creatures
  Joseph (D:9)
  Maurice (D:9)
  A two-headed ogre (D:9)
  4 slime creatures (D:9)
  2 hippogriffs
  5 yaks
  A hungry ghost (D:9)
  Eustachio (D:6)
  A steam dragon (D:7)
  A water moccasin (D:6)
  The ghost of Alarkh the Cudgeler, an amateur OgMo (D:3)
  4 orc warriors
  3 ice beasts
  2 sky beasts
  A black bear (D:9)
  3 ogres
  2 centaurs
  2 big kobolds
  5 bullfrogs
  A wyvern skeleton (D:8)
  3 scorpions
  2 water moccasin skeletons
  11 killer bees
  4 howler monkeys
  4 wights (D:7)
  An electric eel (D:7)
  A crimson imp (D:8)
  4 bullfrog zombies
  A centaur zombie (D:7)
  4 hounds
  A jelly (D:7)
  5 orc wizards
  4 orc priests
  2 centaur skeletons
  A bullfrog skeleton (D:8)
  Jessica (D:2)
  8 worker ants
  Terence (D:2)
  A hound skeleton (D:5)
  Robin (D:2)
  3 gnolls (D:4)
  15 adders
  A shadow imp (D:6)
  An ooze (D:4)
  2 adder skeletons (D:4)
  An adder zombie (D:8)
  2 worms
  5 leopard geckos
  32 orcs
  A ball python (D:1)
  5 giant cockroaches
  10 hobgoblins
  8 jackals
  15 kobolds
  3 quokkas
  A ball python zombie (D:5)
  9 bats
  8 frilled lizards
  13 goblins
  A jackal skeleton (D:7)
  5 rats
243 creatures vanquished.

Vanquished Creatures (others)
  2 orcs (D:7)
2 creatures vanquished.

Grand Total: 245 creatures vanquished

Notes
Turn   | Place    | Note
-------+----------+-------------------------------------------
     0 | D:1      | Alarkh the Octopode Transmuter began the quest for the Orb.
     0 | D:1      | Reached XP level 1. HP: 13/13 MP: 3/3
   100 | D:1      | Reached skill level 1 in Stealth
   169 | D:1      | Reached XP level 2. HP: 10/18 MP: 5/5
   790 | D:2      | Gained mutation: You evolve. [potion of beneficial mutation]
   799 | D:2      | Reached XP level 3. HP: 15/23 MP: 6/6
   947 | D:2      | Learned a level 2 spell: Sticks to Snakes
   951 | D:2      | Learned a level 3 spell: Spider Form
  1124 | D:2      | Noticed Terence
  1131 | D:2      | Noticed Robin
  1173 | D:2      | Killed Robin
  1173 | D:2      | Reached XP level 4. HP: 17/29 MP: 7/7
  1427 | D:2      | Killed Terence
  1714 | D:2      | Reached skill level 4 in Unarmed Combat
  1727 | D:2      | Noticed Jessica
  1735 | D:2      | Killed Jessica
  1735 | D:2      | Reached XP level 5. HP: 35/35 MP: 8/8
  2146 | D:3      | Noticed Alarkh's ghost (amateur OgMo)
  2181 | D:4      | Found a staircase to the Ecumenical Temple.
  2188 | Temple   | Entered the Ecumenical Temple
  2341 | Temple   | Became a worshipper of Warmaster Okawaru
  2710 | D:4      | Reached XP level 6. HP: 30/41 MP: 9/9
  3666 | D:5      | Entered Level 5 of the Dungeon
  3798 | D:5      | Reached skill level 5 in Unarmed Combat
  3924 | D:5      | Reached * piety under Okawaru
  3964 | D:5      | Got a pitted buckler
  3970 | D:5      | Identified the +2 buckler "Faruun" {rN+ Dex+2} (You found it on level 5 of the Dungeon)
  3988 | D:5      | Reached XP level 7. HP: 38/46 MP: 8/10
  4442 | D:5      | Reached skill level 1 in Shields
  4537 | D:6      | Reached skill level 5 in Stealth
  4708 | D:6      | Reached skill level 6 in Unarmed Combat
  4708 | D:6      | Reached XP level 8. HP: 34/54 MP: 7/11
  4845 | D:6      | Reached ** piety under Okawaru
  4956 | D:3      | Killed Alarkh's ghost
  5686 | D:6      | Noticed Eustachio
  5699 | D:6      | Killed Eustachio
  5712 | D:6      | Reached skill level 7 in Unarmed Combat
  5717 | D:6      | Reached skill level 5 in Dodging
  5820 | D:6      | Reached XP level 9. HP: 52/59 MP: 10/12
  6003 | D:6      | Found an ancient bone altar of Kikubaaqudgha.
  6078 | D:6      | Learned a level 1 spell: Confusing Touch
  6138 | D:7      | Gained mutation: You are partially covered in yellow scales. (AC +2) [evolution]
  6312 | D:7      | Reached *** piety under Okawaru
  6368 | D:7      | Reached skill level 5 in Fighting
  6391 | D:7      | Reached skill level 8 in Unarmed Combat
  6543 | D:7      | Reached skill level 1 in Invocations
  6932 | D:7      | Found Pacyur's Distillery.
  6947 | D:7      | Bought a potion of lignification for 39 gold pieces
  7045 | D:7      | Reached skill level 1 in Hexes
  7045 | D:7      | Reached XP level 10. HP: 50/67 MP: 3/13
  7434 | D:8      | Reached **** piety under Okawaru
  7876 | D:8      | Reached skill level 5 in Shields
  7911 | D:9      | Reached skill level 9 in Unarmed Combat
  8056 | D:9      | Found a staircase to the Lair.
  8060 | D:9      | Noticed Joseph
  8081 | D:9      | Killed Joseph
  8162 | D:9      | Reached ***** piety under Okawaru
  8623 | D:9      | Noticed Maurice
  8718 | D:9      | Killed Maurice
  8718 | D:9      | Received a gift from Okawaru
  8722 | D:9      | Got a steaming buckler {god gift}
  8733 | D:9      | Identified the +2 buckler of Anarchy {rElec Int+3 Stlth-} (Okawaru gifted it to you on level 9 of the Dungeon)
  8814 | D:9      | Reached XP level 11. HP: 45/72 MP: 16/16
  8884 | D:9      | Slain by a troll

Skill      XL: |  1  2  3  4  5  6  7  8  9 10 11 |
---------------+----------------------------------+-----
Stealth        | 1 2 3 4 5 6 7 |  7.0
Fighting       | 2 3 4 5 6 |  6.4
Unarmed Combat | 4 5 6 7 8 9 |  9.9
Dodging        | 3 4 5 6 |  6.6
Shields        | 1 3 4 5 |  5.8
Invocations    | 2 3 4 |  4.1
Hexes          | 1 2 3 |  3.2
Transmutations | 4 |  4.2
Spellcasting   | 3 |  3.5

Action                   |  1- 3 |  4- 6 |  7- 9 | 10-12 || total
-------------------------+-------+-------+-------+-------++-------
Melee: Unarmed           |    81 |   156 |   348 |   261 ||   846
       Constrict         |    25 |    40 |    62 |    24 ||   151
       Tentacles         |    10 |    28 |    57 |    54 ||   149
       Kick              |     3 |     8 |    46 |    20 ||    77
       Punch             |       |     4 |    20 |    19 ||    43
 Cast: Beastly Appendage |     1 |     9 |    17 |     8 ||    35
       Spider Form       |       |       |     5 |       ||     5
       Sticks to Snakes  |       |       |     1 |       ||     1
       Confusing Touch   |       |       |       |     2 ||     2
Invok: Heroism           |       |       |     6 |     3 ||     9
  Use: Potion            |     2 |     1 |     2 |     1 ||     6
       Scroll            |     1 |     3 |     8 |     7 ||    19
 Stab: Sleeping          |     2 |    10 |    10 |     5 ||    27
       Distracted        |       |     1 |       |     2 ||     3
       Confused          |       |       |       |     2 ||     2
  Eat: Chunk             |     1 |     9 |    11 |     8 ||    29
Armor: Skin              |     8 |     8 |    13 |    69 ||    98
Dodge: Dodged            |    56 |    97 |   215 |   139 ||   507
Block: Buckler           |       |     2 |    92 |    87 ||   181
